[ AOE2 MATCH · #479022996 ]
Team RMItalians vs Khmer
[ REPLAY ANALYSIS · EXTRACTED FROM THE RECORDED GAME ]
Feudal
10:47
Castle
—
Imperial
—
| APM avg | 11.5 |
| APM peak | 23 |
| eAPM avg | 5.8 |
| Villagers / military | 23 / 10 |
Focus
⚔️ 6.8% · 🌾 93.2%
Spearman ×10
Feudal
10:22
Castle
14:52
Imperial
—
| APM avg | 22.7 |
| APM peak | 50 |
| eAPM avg | 15.7 |
| Villagers / military | 60 / 0 |
Focus
⚔️ 18.2% · 🌾 81.8%
Feudal
12:40
Castle
19:50
Imperial
—
| APM avg | 20.5 |
| APM peak | 82 |
| eAPM avg | 13.5 |
| Villagers / military | 110 / 0 |
Focus
⚔️ 9.8% · 🌾 90.2%
Feudal
10:19
Castle
17:22
Imperial
—
| APM avg | 14.5 |
| APM peak | 48 |
| eAPM avg | 8.5 |
| Villagers / military | 34 / 0 |
Focus
⚔️ 8.9% · 🌾 91.1%
Feudal
12:48
Castle
—
Imperial
—
| APM avg | 17.7 |
| APM peak | 33 |
| eAPM avg | 12.0 |
| Villagers / military | 39 / 14 |
Focus
⚔️ 19.3% · 🌾 80.7%
Militia ×14
Feudal
8:56
Castle
—
Imperial
—
| APM avg | 40.2 |
| APM peak | 104 |
| eAPM avg | 17.4 |
| Villagers / military | 43 / 21 |
Focus
⚔️ 30.5% · 🌾 69.5%
Militia ×21
Feudal
11:56
Castle
—
Imperial
—
| APM avg | 12.1 |
| APM peak | 25 |
| eAPM avg | 7.1 |
| Villagers / military | 35 / 9 |
Focus
⚔️ 10.1% · 🌾 89.9%
Scout Cavalry ×5 · Archer ×4
Feudal
7:02
Castle
—
Imperial
—
| APM avg | 37.3 |
| APM peak | 80 |
| eAPM avg | 28.3 |
| Villagers / military | 53 / 9 |
Focus
⚔️ 45.7% · 🌾 54.3%
Archer ×9
Match map
Resources at game start + every placement click. Thick line = wall · dashed box = detected house wall. 🟡 gold · ⚪ stone · 🟢 berries · 🔶 boar · ⭕ relic
Inputs per minute
— simirfan - - 516903017
Build order — simirfan
48 actions detected in the replay
| 0:10 | Build | Outpost |
| 0:19 | Build | House |
| 0:26 | Build | House |
| 0:31 | Research | Loom |
| 0:32 | Create | Villager (Male) |
| 0:33 | Create | Villager (Male) |
| 0:34 | Create | Villager (Male) ×2 |
| 2:09 | Create | Villager (Male) |
| 2:49 | Build | Lumber Camp |
| 3:34 | Create | Villager (Male) |
| 3:35 | Create | Villager (Male) |
| 3:36 | Create | Villager (Male) |
| 4:22 | Create | Villager (Male) |
| 4:23 | Create | Villager (Male) |
| 5:53 | Build | House |
| 5:55 | Build | House |
| 5:56 | Build | House |
| 6:38 | Create | Villager (Male) |
| 6:39 | Create | Villager (Male) |
| 6:39 | Create | Villager (Male) |
| 7:32 | Build | Mill |
| 8:37 | Research | Feudal Age |
| 10:04 | Create | Villager (Male) |
| 10:20 | Build | Barracks |
| 10:47 | Age | Feudal Age |
| 11:03 | Create | Villager (Male) ×2 |
| 11:12 | Research | Double-Bit Axe |
| 11:23 | Research | Man-at-Arms (upgrade) |
| 12:31 | Create | Spearman ×5 |
| 12:32 | Create | Spearman ×5 |
| 13:44 | Build | Market |
| 13:56 | Build | Blacksmith |
| 14:07 | Build | Mining Camp |
| 16:20 | Create | Villager (Male) ×4 |
| 17:29 | Create | Villager (Male) |
| 17:39 | Build | Farm |
| 17:39 | Build | Farm |
| 17:40 | Build | Farm |
| 17:40 | Build | Farm |
| 17:42 | Build | Farm |
| 17:42 | Build | Farm |
| 17:43 | Build | Farm |
| 18:05 | Create | Villager (Male) ×2 |
| 18:24 | Build | House |
| 18:25 | Build | House |
| 18:28 | Build | House |
| 18:29 | Build | House |
| 19:04 | Research | Horse Collar |
Build order — 516903017
115 actions detected in the replay
| 0:01 | Create | Villager (Male) |
| 0:01 | Create | Villager (Male) |
| 0:03 | Build | House |
| 0:05 | Build | House |
| 0:10 | Create | Villager (Male) |
| 0:27 | Create | Villager (Male) |
| 0:27 | Create | Villager (Male) |
| 1:27 | Create | Villager (Male) |
| 1:55 | Build | Lumber Camp |
| 2:03 | Create | Villager (Male) |
| 2:03 | Create | Villager (Male) |
| 2:30 | Create | Villager (Male) |
| 2:31 | Create | Villager (Male) |
| 2:53 | Create | Villager (Male) |
| 3:12 | Create | Villager (Male) |
| 3:13 | Create | Villager (Male) |
| 3:24 | Build | House |
| 3:26 | Build | House |
| 3:40 | Create | Villager (Male) |
| 4:00 | Create | Villager (Male) |
| 4:17 | Build | Mill |
| 4:40 | Create | Villager (Male) |
| 4:40 | Create | Villager (Male) |
| 4:57 | Create | Villager (Male) |
| 4:57 | Create | Villager (Male) |
| 5:17 | Research | Double-Bit Axe |
| 5:17 | Research | Double-Bit Axe |
| 5:28 | Create | Villager (Male) |
| 5:29 | Create | Villager (Male) |
| 5:52 | Create | Villager (Male) |
| 6:19 | Create | Villager (Male) |
| 6:20 | Create | Villager (Male) |
| 6:20 | Create | Villager (Male) |
| 6:37 | Create | Villager (Male) |
| 6:38 | Create | Villager (Male) |
| 7:18 | Create | Villager (Male) |
| 8:12 | Research | Feudal Age |
| 10:22 | Age | Feudal Age |
| 10:24 | Build | Blacksmith |
| 10:28 | Build | Market |
| 10:28 | Create | Villager (Male) |
| 10:29 | Create | Villager (Male) |
| 12:12 | Research | Castle Age |
| 12:24 | Build | Farm |
| 12:24 | Build | Farm |
| 12:25 | Build | Farm |
| 12:27 | Build | Farm |
| 12:27 | Build | Farm |
| 12:29 | Build | Farm |
| 12:30 | Build | Farm |
| 12:31 | Build | Farm |
| 12:33 | Build | Farm |
| 13:33 | Research | Bow Saw |
| 13:57 | Research | Horse Collar |
| 14:21 | Create | Villager (Male) |
| 14:27 | Build | House |
| 14:52 | Age | Castle Age |
| 15:04 | Build | Town Center |
| 15:08 | Research | Two-Man Saw |
| 15:13 | Create | Villager (Male) |
| 15:31 | Create | Villager (Male) |
| 16:07 | Create | Villager (Male) |
| 16:28 | Build | Town Center |
| 16:29 | Create | Villager (Male) |
| 16:29 | Create | Villager (Male) |
| 16:37 | Build | Farm |
| 16:42 | Create | Villager (Male) |
| 16:43 | Create | Villager (Male) |
| 16:49 | Build | Farm |
| 16:53 | Build | Farm |
| 16:58 | Build | Farm |
| 17:09 | Build | Farm |
| 17:11 | Create | Villager (Male) |
| 17:20 | Create | Villager (Male) |
| 17:21 | Create | Villager (Male) |
| 17:31 | Build | Farm |
| 17:36 | Build | Farm |
| 17:39 | Build | Farm |
| 17:41 | Create | Villager (Male) |
| 17:49 | Build | House |
| 17:56 | Build | House |
| 17:57 | Create | Villager (Male) |
| 17:57 | Create | Villager (Male) |
| 18:03 | Create | Villager (Male) |
| 18:17 | Build | Farm |
| 18:18 | Build | Farm |
| 18:20 | Build | Farm |
| 18:22 | Build | Farm |
| 18:46 | Create | Villager (Male) |
| 18:46 | Create | Villager (Male) |
| 18:46 | Create | Villager (Male) |
| 18:46 | Create | Villager (Male) |
| 18:59 | Build | Farm |
| 19:00 | Build | Farm |
| 19:00 | Build | Farm |
| 19:01 | Build | Farm |
| 19:01 | Build | Farm |
| 19:06 | Build | Farm |
| 19:06 | Build | Farm |
| 19:07 | Build | Farm |
| 19:08 | Build | Farm |
| 19:13 | Create | Villager (Male) |
| 19:13 | Create | Villager (Male) |
| 19:13 | Create | Villager (Male) |
| 19:13 | Create | Villager (Male) |
| 19:18 | Build | House |
| 19:20 | Build | House |
| 19:32 | Create | Villager (Male) |
| 19:32 | Create | Villager (Male) |
| 19:37 | Create | Villager (Male) |
| 19:44 | Create | Villager (Male) |
| 19:49 | Build | Farm |
| 19:50 | Create | Villager (Male) |
| 19:50 | Create | Villager (Male) |
| 19:51 | Create | Villager (Male) |
Build order — M.S.
136 actions detected in the replay
| 0:01 | Create | Villager (Male) ×4 |
| 0:01 | Create | Villager (Male) |
| 0:01 | Create | Villager (Male) |
| 0:01 | Create | Villager (Male) |
| 0:01 | Create | Villager (Male) |
| 0:01 | Create | Villager (Male) |
| 0:01 | Create | Villager (Male) |
| 0:01 | Create | Villager (Male) |
| 0:01 | Create | Villager (Male) |
| 0:01 | Create | Villager (Male) |
| 0:01 | Create | Villager (Male) |
| 0:01 | Create | Villager (Male) |
| 0:01 | Create | Villager (Male) |
| 0:01 | Create | Villager (Male) |
| 0:01 | Create | Villager (Male) |
| 0:01 | Create | Villager (Male) |
| 0:01 | Create | Villager (Male) |
| 0:01 | Create | Villager (Male) |
| 0:01 | Create | Villager (Male) |
| 0:01 | Create | Villager (Male) |
| 0:01 | Create | Villager (Male) |
| 0:01 | Create | Villager (Male) |
| 0:01 | Create | Villager (Male) |
| 0:01 | Create | Villager (Male) |
| 0:01 | Create | Villager (Male) |
| 0:01 | Create | Villager (Male) |
| 0:01 | Create | Villager (Male) |
| 0:01 | Create | Villager (Male) |
| 0:01 | Create | Villager (Male) |
| 0:02 | Create | Villager (Male) |
| 0:02 | Create | Villager (Male) |
| 0:02 | Create | Villager (Male) |
| 0:02 | Create | Villager (Male) |
| 0:02 | Create | Villager (Male) |
| 0:02 | Create | Villager (Male) |
| 0:02 | Create | Villager (Male) |
| 0:02 | Create | Villager (Male) |
| 0:02 | Create | Villager (Male) |
| 0:02 | Create | Villager (Male) |
| 0:02 | Create | Villager (Male) |
| 0:02 | Create | Villager (Male) |
| 0:02 | Create | Villager (Male) |
| 0:02 | Create | Villager (Male) |
| 0:02 | Create | Villager (Male) |
| 0:02 | Create | Villager (Male) |
| 0:02 | Create | Villager (Male) |
| 0:02 | Create | Villager (Male) |
| 0:02 | Create | Villager (Male) |
| 0:02 | Create | Villager (Male) |
| 0:02 | Create | Villager (Male) |
| 0:02 | Create | Villager (Male) |
| 0:02 | Create | Villager (Male) |
| 0:02 | Create | Villager (Male) |
| 0:02 | Create | Villager (Male) |
| 0:02 | Create | Villager (Male) |
| 0:02 | Create | Villager (Male) |
| 0:02 | Create | Villager (Male) |
| 0:02 | Create | Villager (Male) |
| 0:02 | Create | Villager (Male) |
| 0:03 | Build | House |
| 0:24 | Research | Loom |
| 0:25 | Create | Villager (Male) ×3 |
| 0:25 | Create | Villager (Male) ×3 |
| 1:11 | Build | Palisade Wall |
| 1:13 | Build | Palisade Wall |
| 1:16 | Build | Palisade Wall |
| 1:18 | Build | Palisade Wall |
| 2:17 | Create | Villager (Male) |
| 2:17 | Create | Villager (Male) |
| 2:43 | Build | Building 796 |
| 2:46 | Create | Villager (Male) |
| 2:47 | Create | Villager (Male) |
| 2:51 | Build | House |
| 2:55 | Create | Villager (Male) |
| 2:56 | Create | Villager (Male) |
| 3:29 | Create | Villager (Male) |
| 3:29 | Create | Villager (Male) |
| 3:53 | Create | Villager (Male) |
| 3:54 | Create | Villager (Male) |
| 4:05 | Build | House |
| 4:07 | Build | House |
| 4:08 | Build | House |
| 4:40 | Create | Villager (Male) |
| 4:40 | Create | Villager (Male) |
| 5:04 | Create | Villager (Male) |
| 5:05 | Create | Villager (Male) |
| 5:16 | Create | Villager (Male) |
| 5:17 | Create | Villager (Male) |
| 5:39 | Build | Mill |
| 5:48 | Create | Villager (Male) |
| 5:48 | Create | Villager (Male) |
| 6:16 | Create | Villager (Male) |
| 6:17 | Create | Villager (Male) |
| 6:28 | Create | Villager (Male) |
| 6:28 | Create | Villager (Male) |
| 6:50 | Create | Villager (Male) |
| 6:50 | Create | Villager (Male) |
| 6:50 | Create | Villager (Male) |
| 7:22 | Create | Villager (Male) |
| 7:22 | Create | Villager (Male) |
| 7:23 | Create | Villager (Male) |
| 7:24 | Create | Villager (Male) |
| 7:24 | Create | Villager (Male) |
| 8:20 | Create | Villager (Male) |
| 8:21 | Create | Villager (Male) |
| 8:30 | Build | Lumber Camp |
| 8:52 | Create | Villager (Male) |
| 9:56 | Build | Mining Camp |
| 10:24 | Research | Feudal Age |
| 11:02 | Build | Mill |
| 11:19 | Create | Villager (Male) |
| 11:19 | Create | Villager (Male) |
| 11:35 | Create | Villager (Male) |
| 11:52 | Build | Mill |
| 12:40 | Age | Feudal Age |
| 13:03 | Build | Watch Tower |
| 13:07 | Create | Villager (Male) |
| 13:19 | Build | Market |
| 14:01 | Build | House |
| 14:04 | Build | House |
| 14:25 | Build | Stone Wall |
| 14:29 | Build | Stone Wall |
| 14:57 | Build | Blacksmith |
| 15:05 | Create | Villager (Male) |
| 15:05 | Create | Villager (Male) |
| 15:23 | Build | Building 490 |
| 15:51 | Create | Villager (Male) |
| 15:51 | Create | Villager (Male) |
| 16:17 | Build | Stone Wall |
| 16:31 | Create | Villager (Male) |
| 16:59 | Build | Mining Camp |
| 17:10 | Research | Castle Age |
| 18:50 | Research | Double-Bit Axe |
| 19:13 | Build | Stone Wall |
| 19:27 | Build | Stone Wall |
| 19:50 | Age | Castle Age |
Build order — Salmonelin
61 actions detected in the replay
| 0:01 | Create | Villager (Male) |
| 0:02 | Create | Villager (Male) |
| 0:02 | Create | Villager (Male) |
| 0:02 | Create | Villager (Male) |
| 0:03 | Create | Villager (Male) |
| 0:04 | Build | House |
| 0:28 | Build | House |
| 0:30 | Build | House |
| 0:31 | Build | House |
| 0:33 | Build | Lumber Camp |
| 1:25 | Create | Villager (Male) |
| 2:08 | Create | Villager (Male) |
| 2:19 | Create | Villager (Male) |
| 2:49 | Create | Villager (Male) |
| 2:50 | Create | Villager (Male) |
| 3:27 | Create | Villager (Male) |
| 3:41 | Create | Villager (Male) |
| 4:20 | Create | Villager (Male) |
| 4:20 | Create | Villager (Male) |
| 4:59 | Create | Villager (Male) |
| 5:24 | Create | Villager (Male) |
| 5:49 | Create | Villager (Male) |
| 5:50 | Create | Villager (Male) |
| 6:04 | Build | Mill |
| 6:25 | Create | Villager (Male) |
| 6:49 | Create | Villager (Male) |
| 7:30 | Create | Villager (Male) |
| 7:30 | Create | Villager (Male) |
| 8:09 | Research | Feudal Age |
| 8:10 | Research | Feudal Age |
| 8:12 | Build | Mining Camp |
| 8:25 | Research | Loom |
| 8:58 | Build | Mill |
| 10:19 | Age | Feudal Age |
| 10:20 | Build | House |
| 10:22 | Create | Villager (Male) |
| 10:59 | Create | Villager (Male) |
| 11:15 | Build | Blacksmith |
| 11:31 | Create | Villager (Male) |
| 11:31 | Create | Villager (Male) |
| 11:43 | Build | Market |
| 12:12 | Research | Horse Collar |
| 12:16 | Build | House |
| 12:17 | Build | House |
| 12:22 | Create | Villager (Male) |
| 12:27 | Build | Farm |
| 12:34 | Create | Villager (Male) |
| 12:36 | Build | Farm |
| 12:38 | Build | Farm |
| 12:49 | Build | Mining Camp |
| 13:14 | Create | Villager (Male) |
| 13:44 | Build | Mill |
| 14:43 | Research | Castle Age |
| 17:22 | Age | Castle Age |
| 17:50 | Build | Farm |
| 17:51 | Build | Farm |
| 17:57 | Create | Villager (Male) |
| 17:58 | Create | Villager (Male) |
| 17:58 | Create | Villager (Male) |
| 17:59 | Create | Villager (Male) |
| 17:59 | Create | Villager (Male) |
Build order — Geosim
100 actions detected in the replay
| 0:01 | Research | Loom |
| 0:02 | Create | Villager (Male) ×4 |
| 0:04 | Build | House |
| 0:05 | Build | House |
| 0:39 | Build | Palisade Wall |
| 1:42 | Create | Villager (Male) |
| 2:17 | Create | Villager (Male) |
| 2:28 | Build | House |
| 2:35 | Create | Villager (Male) |
| 3:04 | Create | Villager (Male) |
| 3:04 | Create | Villager (Male) |
| 3:18 | Build | Lumber Camp |
| 3:28 | Create | Villager (Male) |
| 3:45 | Build | House |
| 4:02 | Create | Villager (Male) |
| 4:22 | Create | Villager (Male) |
| 4:34 | Build | House |
| 5:04 | Create | Villager (Male) |
| 5:28 | Build | Palisade Wall |
| 5:30 | Build | Palisade Wall |
| 5:38 | Create | Villager (Male) |
| 5:38 | Create | Villager (Male) |
| 5:43 | Build | Mill |
| 6:16 | Create | Villager (Male) |
| 6:16 | Create | Villager (Male) |
| 6:16 | Create | Villager (Male) |
| 6:56 | Create | Villager (Male) |
| 6:56 | Create | Villager (Male) |
| 6:57 | Create | Villager (Male) |
| 7:49 | Build | Barracks |
| 8:22 | Create | Villager (Male) |
| 8:22 | Create | Villager (Male) |
| 8:32 | Build | Building 804 |
| 8:34 | Build | House |
| 9:06 | Create | Villager (Male) |
| 9:26 | Create | Villager (Male) |
| 9:27 | Create | Villager (Male) |
| 10:00 | Build | House |
| 10:08 | Build | Mining Camp |
| 10:21 | Create | Militia |
| 10:21 | Create | Militia |
| 10:29 | Research | Feudal Age |
| 10:38 | Build | Barracks |
| 10:48 | Build | Building 800 |
| 11:00 | Create | Militia |
| 11:33 | Create | Militia ×2 |
| 11:33 | Create | Militia ×2 |
| 11:39 | Build | House |
| 12:14 | Create | Militia |
| 12:14 | Create | Militia |
| 12:18 | Build | House |
| 12:21 | Build | House |
| 12:31 | Build | Mill |
| 12:48 | Age | Feudal Age |
| 12:48 | Research | Man-at-Arms (upgrade) |
| 12:49 | Research | Man-at-Arms (upgrade) |
| 12:54 | Build | Blacksmith |
| 12:57 | Create | Villager (Male) |
| 13:12 | Research | Double-Bit Axe |
| 13:16 | Create | Militia ×2 |
| 13:35 | Research | Forging |
| 14:00 | Research | Scale Mail Armor |
| 14:39 | Build | Farm |
| 14:39 | Build | Farm |
| 14:40 | Build | Farm |
| 14:40 | Build | Farm |
| 14:40 | Build | Farm |
| 14:40 | Build | Farm |
| 14:41 | Build | Farm |
| 14:41 | Build | Farm |
| 14:41 | Build | Farm |
| 14:43 | Create | Villager (Male) |
| 14:43 | Create | Villager (Male) |
| 14:47 | Create | Militia ×3 |
| 15:08 | Build | Watch Tower |
| 15:15 | Build | Farm |
| 15:57 | Create | Villager (Male) |
| 15:58 | Create | Villager (Male) |
| 16:19 | Research | Gold Mining |
| 16:34 | Create | Villager (Male) |
| 16:55 | Create | Villager (Male) |
| 17:09 | Build | Market |
| 17:19 | Research | Horse Collar |
| 17:26 | Create | Villager (Male) |
| 17:46 | Create | Villager (Male) |
| 18:05 | Create | Villager (Male) |
| 18:31 | Build | Farm |
| 18:34 | Create | Villager (Male) |
| 18:58 | Build | Farm |
| 19:11 | Build | Farm |
| 19:12 | Build | Farm |
| 19:12 | Build | Farm |
| 19:13 | Build | Farm |
| 19:13 | Build | Farm |
| 19:13 | Build | Farm |
| 19:16 | Create | Villager (Male) |
| 19:31 | Create | Villager (Male) |
| 19:46 | Build | House |
| 19:47 | Build | House |
| 19:48 | Build | House |
Build order — MedicenelMago
91 actions detected in the replay
| 0:01 | Create | Villager (Male) |
| 0:01 | Create | Villager (Male) |
| 0:02 | Create | Villager (Male) |
| 0:02 | Create | Villager (Male) |
| 0:02 | Create | Villager (Male) |
| 0:15 | Build | House |
| 0:23 | Build | House |
| 0:49 | Build | House |
| 1:47 | Create | Villager (Male) |
| 1:48 | Create | Villager (Male) |
| 1:48 | Create | Villager (Male) |
| 2:21 | Create | Villager (Male) |
| 2:21 | Create | Villager (Male) |
| 2:21 | Create | Villager (Male) |
| 2:51 | Research | Loom |
| 2:51 | Create | Villager (Male) |
| 2:51 | Create | Villager (Male) |
| 2:51 | Create | Villager (Male) |
| 3:45 | Create | Villager (Male) |
| 3:45 | Create | Villager (Male) |
| 3:45 | Create | Villager (Male) |
| 3:46 | Create | Villager (Male) |
| 4:25 | Create | Villager (Male) |
| 4:26 | Create | Villager (Male) |
| 4:26 | Create | Villager (Male) |
| 4:50 | Create | Villager (Male) |
| 5:17 | Create | Villager (Male) |
| 5:40 | Build | Mining Camp |
| 6:46 | Research | Feudal Age |
| 8:54 | Create | Villager (Male) |
| 8:54 | Create | Villager (Male) |
| 8:56 | Age | Feudal Age |
| 8:59 | Build | House |
| 10:00 | Build | Barracks |
| 10:19 | Create | Villager (Male) |
| 10:19 | Create | Villager (Male) |
| 10:20 | Create | Villager (Male) |
| 10:34 | Research | Man-at-Arms (upgrade) |
| 11:14 | Build | Lumber Camp |
| 11:26 | Create | Villager (Male) |
| 11:28 | Create | Militia |
| 11:28 | Create | Militia |
| 11:28 | Create | Militia |
| 11:28 | Create | Militia |
| 11:29 | Create | Militia |
| 11:29 | Create | Militia |
| 11:29 | Create | Militia |
| 11:39 | Build | House |
| 11:49 | Build | House |
| 12:23 | Research | Loom |
| 12:23 | Research | Loom |
| 12:51 | Build | Barracks |
| 13:11 | Create | Villager (Male) |
| 13:11 | Create | Villager (Male) |
| 13:12 | Create | Villager (Male) |
| 13:12 | Create | Villager (Male) |
| 13:12 | Create | Villager (Male) |
| 13:14 | Build | Farm |
| 13:54 | Research | Arson |
| 13:55 | Research | Arson |
| 13:55 | Research | Arson |
| 14:24 | Build | Watch Tower |
| 14:29 | Create | Militia |
| 14:29 | Create | Militia |
| 14:45 | Create | Villager (Male) |
| 14:47 | Build | Farm |
| 14:50 | Create | Militia |
| 14:50 | Create | Militia |
| 14:50 | Create | Militia |
| 14:53 | Build | House |
| 15:40 | Create | Militia |
| 15:40 | Create | Militia |
| 15:40 | Create | Militia |
| 16:18 | Create | Villager (Male) |
| 16:18 | Create | Villager (Male) |
| 16:19 | Create | Villager (Male) |
| 16:47 | Create | Militia |
| 16:47 | Create | Militia |
| 16:50 | Build | Mill |
| 16:53 | Build | Farm |
| 16:53 | Build | Farm |
| 16:54 | Build | Farm |
| 17:46 | Build | Blacksmith |
| 17:47 | Create | Villager (Male) |
| 17:47 | Create | Villager (Male) |
| 18:12 | Create | Villager (Male) |
| 18:13 | Create | Villager (Male) |
| 18:13 | Create | Villager (Male) |
| 18:16 | Build | House |
| 18:55 | Create | Militia ×2 |
| 18:55 | Create | Militia ×2 |
Build order — karamasce
67 actions detected in the replay
| 0:39 | Create | Villager (Male) |
| 0:39 | Create | Villager (Male) |
| 0:40 | Create | Villager (Male) |
| 0:40 | Create | Villager (Male) |
| 0:40 | Create | Villager (Male) |
| 1:53 | Research | Loom |
| 1:58 | Create | Villager (Male) |
| 2:48 | Create | Villager (Male) |
| 3:08 | Create | Villager (Male) |
| 3:37 | Create | Villager (Male) |
| 4:02 | Create | Villager (Male) |
| 4:32 | Build | Mill |
| 4:37 | Create | Villager (Male) |
| 5:10 | Create | Villager (Male) |
| 5:34 | Create | Villager (Male) |
| 5:51 | Create | Villager (Male) |
| 6:09 | Build | Lumber Camp |
| 6:30 | Create | Villager (Male) |
| 6:51 | Create | Villager (Male) |
| 7:15 | Create | Villager (Male) |
| 7:42 | Create | Villager (Male) |
| 8:31 | Create | Villager (Male) |
| 8:40 | Create | Villager (Male) |
| 9:09 | Build | Mill |
| 9:16 | Create | Villager (Male) |
| 9:30 | Research | Feudal Age |
| 9:43 | Build | Lumber Camp |
| 11:05 | Create | Villager (Male) |
| 11:31 | Build | Barracks |
| 11:40 | Create | Villager (Male) |
| 11:43 | Create | Villager (Male) |
| 11:43 | Create | Villager (Male) |
| 11:56 | Age | Feudal Age |
| 12:29 | Build | Market |
| 12:50 | Build | Stable |
| 12:58 | Create | Villager (Male) |
| 13:50 | Create | Villager (Male) |
| 13:54 | Research | Double-Bit Axe |
| 13:58 | Research | Horse Collar |
| 14:11 | Build | Archery Range |
| 14:22 | Build | Mining Camp |
| 14:49 | Build | Mining Camp |
| 15:01 | Create | Villager (Male) |
| 15:01 | Create | Villager (Male) |
| 15:10 | Build | Farm |
| 15:10 | Build | Farm |
| 15:31 | Build | Farm |
| 15:31 | Build | Farm |
| 15:42 | Build | Farm |
| 15:46 | Create | Villager (Male) |
| 16:03 | Build | Farm |
| 16:12 | Create | Villager (Male) |
| 16:22 | Research | Gold Mining |
| 16:49 | Build | Farm |
| 16:49 | Build | Farm |
| 16:52 | Create | Villager (Male) |
| 16:52 | Create | Villager (Male) |
| 16:59 | Create | Scout Cavalry |
| 16:59 | Create | Scout Cavalry |
| 17:05 | Create | Archer ×4 |
| 17:27 | Build | Farm |
| 17:35 | Create | Villager (Male) |
| 17:42 | Create | Scout Cavalry |
| 17:44 | Create | Scout Cavalry |
| 17:47 | Create | Scout Cavalry |
| 17:51 | Build | Farm |
| 17:59 | Create | Villager (Male) |
Build order — DSLG zlMataMoscaslz
82 actions detected in the replay
| 0:00 | Create | Villager (Male) |
| 0:01 | Create | Villager (Male) |
| 0:01 | Create | Villager (Male) |
| 0:01 | Create | Villager (Male) |
| 0:01 | Create | Villager (Male) |
| 0:02 | Build | House |
| 0:03 | Build | House |
| 1:22 | Create | Villager (Male) |
| 1:22 | Create | Villager (Male) |
| 1:22 | Create | Villager (Male) |
| 4:52 | Research | Feudal Age |
| 4:52 | Research | Feudal Age |
| 4:52 | Research | Feudal Age |
| 4:57 | Build | House |
| 5:12 | Create | Villager (Male) |
| 5:12 | Create | Villager (Male) |
| 5:58 | Create | Villager (Male) |
| 5:59 | Create | Villager (Male) |
| 5:59 | Create | Villager (Male) |
| 7:02 | Age | Feudal Age |
| 7:05 | Build | Archery Range |
| 7:36 | Create | Villager (Male) |
| 8:04 | Create | Villager (Male) |
| 8:04 | Create | Villager (Male) |
| 8:06 | Create | Archer |
| 8:06 | Create | Archer |
| 8:07 | Create | Archer |
| 8:07 | Create | Archer |
| 8:36 | Build | Watch Tower |
| 8:45 | Create | Villager (Male) |
| 8:45 | Create | Villager (Male) |
| 8:45 | Create | Villager (Male) |
| 8:46 | Create | Villager (Male) |
| 9:46 | Build | House |
| 9:47 | Build | House |
| 10:13 | Create | Villager (Male) |
| 12:07 | Build | Blacksmith |
| 12:09 | Create | Villager (Male) |
| 12:09 | Create | Villager (Male) |
| 12:09 | Create | Villager (Male) |
| 12:09 | Create | Villager (Male) |
| 12:09 | Create | Villager (Male) |
| 12:10 | Create | Villager (Male) |
| 12:46 | Create | Villager (Male) |
| 12:46 | Create | Villager (Male) |
| 13:07 | Create | Villager (Male) |
| 13:07 | Create | Villager (Male) |
| 13:07 | Create | Villager (Male) |
| 13:28 | Create | Archer |
| 13:28 | Create | Archer |
| 13:31 | Create | Villager (Male) |
| 13:31 | Create | Villager (Male) |
| 13:59 | Research | Fletching |
| 13:59 | Research | Fletching |
| 14:49 | Build | House |
| 14:50 | Build | House |
| 14:53 | Create | Archer |
| 14:53 | Create | Archer |
| 15:00 | Build | House |
| 16:10 | Build | Mill |
| 16:21 | Create | Villager (Male) |
| 16:21 | Create | Villager (Male) |
| 16:22 | Create | Villager (Male) |
| 16:22 | Create | Villager (Male) |
| 16:23 | Create | Villager (Male) |
| 16:39 | Build | Palisade Wall |
| 17:03 | Create | Archer |
| 17:47 | Research | Loom |
| 17:47 | Create | Villager (Male) |
| 17:48 | Create | Villager (Male) |
| 18:07 | Create | Villager (Male) |
| 18:07 | Create | Villager (Male) |
| 18:07 | Create | Villager (Male) |
| 18:08 | Create | Villager (Male) |
| 18:08 | Create | Villager (Male) |
| 18:09 | Create | Villager (Male) |
| 18:09 | Create | Villager (Male) |
| 18:14 | Create | Villager (Male) |
| 18:14 | Create | Villager (Male) |
| 18:15 | Create | Villager (Male) |
| 18:16 | Create | Villager (Male) |
| 18:16 | Create | Villager (Male) |
Match timeline
| 0:39 | Geosim · wall_segment Palisade Wall x15 |
| 1:11 | M.S. · wall_segment Palisade Wall x7 |
| 1:13 | M.S. · wall_segment Palisade Wall x4 |
| 1:16 | M.S. · wall_segment Palisade Wall x4 |
| 1:18 | M.S. · wall_segment Palisade Wall x3 |
| 5:28 | Geosim · wall_segment Palisade Wall x1 |
| 5:30 | Geosim · wall_segment Palisade Wall x2 |
| 7:02 | DSLG zlMataMoscaslz · age_up feudal |
| 7:05 | DSLG zlMataMoscaslz · first_building Archery Range |
| 7:49 | Geosim · first_building Barracks |
| 8:56 | MedicenelMago · age_up feudal |
| 10:00 | MedicenelMago · first_building Barracks |
| 10:19 | Salmonelin · age_up feudal |
| 10:20 | simirfan · first_building Barracks |
| 10:22 | 516903017 · age_up feudal |
| 10:47 | simirfan · age_up feudal |
| 11:20 | 516903017 · first_market_sell 100 wood |
| 11:31 | karamasce · first_building Barracks |
| 11:56 | karamasce · age_up feudal |
| 12:40 | M.S. · age_up feudal |
| 12:48 | Geosim · age_up feudal |
| 12:50 | karamasce · first_building Stable |
| 14:11 | karamasce · first_building Archery Range |
| 14:25 | M.S. · wall_segment Stone Wall x8 |
| 14:29 | M.S. · wall_segment Stone Wall x15 |
| 14:52 | 516903017 · age_up castle |
| 15:14 | M.S. · first_market_buy 100 stone |
| 16:17 | M.S. · wall_segment Stone Wall x4 |
| 16:39 | DSLG zlMataMoscaslz · wall_segment Palisade Wall x1 |
| 17:02 | M.S. · first_market_sell 100 wood |
| 17:22 | Salmonelin · age_up castle |
| 18:15 | Salmonelin · resign |
| 19:13 | M.S. · wall_segment Stone Wall x1 |
| 19:27 | M.S. · wall_segment Stone Wall x1 |
| 19:50 | M.S. · age_up castle |
[ AI ANALYSIS · 1 CREDIT ]
What really happened in this match?
Wolo.gg analyzes every decision: build order, eco, micro, common mistakes by bracket. Personalized analysis on WhatsApp or Discord in 30 seconds.
Civ guide
Italians
Map guide
Black Forest
Perfil
simirfan